 Dungeon Crawl Stone Soup version 0.27.1-37-g7b29ead8ac (webtiles) character file.

Game seed: 16212962937339368618

29 cbfl8 the Chopper (level 3, -2/30 HPs)
             Began as a Minotaur Gladiator on June 2, 2023.
             Slain by a gnoll (3 damage)
             ... on level 2 of the Dungeon.
             The game lasted 00:01:12 (982 turns).

cbfl8 the Chopper (Minotaur Gladiator)               Turns: 982, Time: 00:01:12

Health: -2/30      AC:  6    Str: 18    XL:     3   Next: 1%
Magic:  2/2        EV: 12    Int:  5    God:
Gold:   40         SH:  0    Dex: 12    Spells: 2/2 levels left

rFire    . . .     SeeInvis .   a - +0 war axe
rCold    . . .     Faith    +   (no shield)
rNeg     . . .     Spirit   .   m - +0 ring mail
rPois    .         Reflect  .   c - +0 hat
rElec    .         Harm     .   (no cloak)
rCorr    .         Rampage  .   (no gloves)
Will     .....                  n - +0 pair of boots
Stlth    +.........             f - amulet of faith
HPRegen  0.10/turn              (no ring)
MPRegen  0.08/turn              (no ring)

@: no status effects
A: horns 2, retaliatory headbutt
a: no special abilities


You were on level 2 of the Dungeon.
You visited 1 branch of the dungeon, and saw 2 of its levels.

You collected 40 gold pieces.

Inventory:

Hand Weapons
 a - a +0 war axe (weapon)
Missiles
 d - 3 throwing nets (quivered)
Armour
 c - a +0 hat (worn)
 m - a +0 ring mail (worn)
 n - a +0 pair of boots (worn)
Jewellery
 f - an amulet of faith (around neck)
Scrolls
 b - a scroll of holy word {unknown}
 e - 2 scrolls of identify {unknown}
 h - a scroll of teleportation {unknown}
 i - a scroll of noise {unknown}
 j - a scroll of amnesia {unknown}
 k - a scroll of blinking {unknown}
 l - 2 scrolls of enchant armour {unknown}
Potions
 g - a potion of lignification {unknown}


   Skills:
 + Level 2.6 Fighting
 + Level 4.1 Axes
 + Level 2.1 Throwing
 + Level 0.2 Armour
 + Level 3.7 Dodging
 * Level 0.8 Evocations


You had 2 spell levels left.
You didn't know any spells.
Your spell library was empty.

Dungeon Overview and Level Annotations

Branches:
Dungeon (2/15)

Altars:


Innate Abilities, Weirdness & Mutations

You have a pair of horns on your head.
You reflexively headbutt those who attack you in melee.


Message History

You see here a +0 pair of boots.
n - a +0 pair of boots You start putting on your armour.
You continue putting on your +0 pair of boots. x4
You finish putting on your +0 pair of boots.
You open the door.
There is an open door here.
Key pressed, stopping explore.
No target in view!
A gnoll comes into view. It is wielding a +0 whip.
A gnoll comes into view. It is wielding a +0 flail.
The gnoll shouts! x2
A gnoll comes into view. It is wielding a +0 club.
There are monsters nearby!
A gnoll comes into view. It is wielding a +0 halberd.
The gnoll shouts!
There are monsters nearby!
There are monsters nearby!
You barely miss the gnoll. The gnoll hits you but does no damage.
You hit the gnoll but do no damage. The gnoll hits you with a +0 whip.
Unknown command.
Unknown command.
You slash the gnoll!
The gnoll is almost dead.
You hit the gnoll.
The gnoll hits you from afar with a +0 halberd!
Unknown command.
You are too injured to fight recklessly!
Unknown command.
You are too injured to fight recklessly!
Unknown command.
You are too injured to fight recklessly!
The gnoll misses you.
The gnoll hits you from afar with a +0 halberd!
* * * LOW HITPOINT WARNING * * *
There is an open door here.
The gnoll hits you with a +0 whip.
* * * LOW HITPOINT WARNING * * *
You open the door. The gnoll hits you with a +0 whip.
You die...

##.## ## #.# ..# #.# #[#
##g## ## .#.# ##...##
#.###..# ##.....##
#.#.#.## ##gg.....##
#.###.#...####.g.......#
#)....<......'@........+
#####.....####.........#
####...####.......##
##...# ##.....##
#.)†####....####
#.#...##.#+##..
#.#.#†.....##.####
#.#.##.###.#..... .
#...((.....#..# ##.


You could see 4 gnolls.

Vanquished Creatures
  An adder (D:2)
  A dart slug (D:1)
  2 ball pythons
  4 bats
  An endoplasm (D:2)
  A goblin (D:1)
  A hobgoblin (D:1)
  2 quokkas (D:1)
  3 kobolds
  2 rats (D:1)
18 creatures vanquished.

Vanquished Creatures (others)
  2 fungi (D:2)
2 creatures vanquished.

Grand Total: 20 creatures vanquished

Notes
Turn   | Place    | Note
-------+----------+-------------------------------------------
     0 | D:1      | cbfl8 the Minotaur Gladiator began the quest for the Orb.
     0 | D:1      | Reached XP level 1. HP: 18/18 MP: 0/0
   159 | D:1      | Reached XP level 2. HP: 24/25 MP: 1/1
   656 | D:1      | Reached skill level 4 in Axes
   875 | D:2      | Reached XP level 3. HP: 25/30 MP: 2/2
   981 | D:2      | HP: 1/30 [gnoll (6)]
   982 | D:2      | Slain by a gnoll

Illustrated notes

Levels and vault maps discovered:
D:1:      ncdulo_watergridlock, layout_loops_ring, serial_rivers,
          chequers_serial_rivers_micro_e, chequers_serial_rivers_small_3,
          chequers_serial_rivers_micro_e, chequers_serial_rivers_large_b
D:2:      layout_loops_corners, shapermc_ecumenical_altar_acropolis,
          minmay_misc_feat_tower, minmay_tromino_mix6

Skill      XL: |  1  2 |
---------------+-------+-----
Axes           | 4 |  4.1
Fighting       | |  2.6
Throwing       | |  2.1
Armour         | |  0.2
Dodging        | |  3.7
Evocations     | |  0.8

Action                   || total
-------------------------++-------
Melee: War axe           ||    43
       Headbutt          ||     7
Armor: Leather armour    ||     8
       Ring mail         ||     3
Dodge: Dodged            ||    38
